 Dungeon Crawl Stone Soup version 0.21.1-1-g345015f (webtiles) character file.

543854 glosham the Wrestler (level 26, -7/142 HPs)
             Began as a Vine Stalker Hunter on June 1, 2018.
             Was the Champion of Cheibriados.
             Mangled by an eldritch tentacle (15 damage)
             ... called by the player character
             ... on level 5 of the Depths on June 3, 2018.
             The game lasted 13:34:54 (36238 turns).

glosham the Wrestler (Vine Stalker Hunter)         Turns: 36238, Time: 13:34:55

Health: -7/142     AC: 20    Str: 39    XL:     26   Next: 8%
Magic:  0/56       EV: 20    Int: 38    God:    Cheibriados [******]
Gold:   2184       SH: 14    Dex: 31    Spells: 18/63 levels left

rFire    + + +     SeeInvis +     - Unarmed
rCold    . . .     Gourm    .   Z - +3 warlock's mirror {reflect}
rNeg     . . .     Faith    .   X - +5 robe of Night {Dark MR+ SInv}
rPois    .         Spirit   +   U - +2 helmet
rElec    .         Reflect  +   Y - +2 cloak of the Thief {+Fog Slay-2 SInv Stlth+}
rCorr    .         Harm     .   V - +2 pair of gloves of Least Resistance {+Blink rF++ MR- Slay+6}
MR       +++++                  W - +2 pair of boots
Stlth    +++++++...             z - amulet "Doweanne" {Reflect MP+9 SH+4}
HPRegen  1.13/turn              A - ring "Iqefimib" {rF+ MR++ Str+6 Int+4}
MPRegen  0.35/turn              B - +4 ring of slaying

@: very slightly contaminated, deflect missiles, very slow
A: fangs 3, regeneration 2, magic shield, antimagic bite, no potion heal 3, rot
immunity
}: 3/15 runes: serpentine, barnacled, abyssal
a: Bend Time, Temporal Distortion, Slouch, Step From Time, Renounce Religion,
Evoke Blink, Evoke Fog


You were on level 5 of the Depths.
You worshipped Cheibriados.
Cheibriados was exalted by your worship.
You were not hungry.

You visited 10 branches of the dungeon, and saw 47 of its levels.
You visited the Abyss 1 time.
You also visited: Ossuary and Ice Cave.

You collected 12586 gold pieces.
You spent 10402 gold pieces at shops.

Inventory:

Armour
 U - a +2 helmet (worn)
 V - the +2 pair of gloves of Least Resistance (worn) {+Blink rF++ MR- Slay+6}
   (You acquired it in an ossuary)

   It affects your accuracy and damage with ranged weapons and melee attacks
   (+6).
   It greatly protects you from fire.
   It affects your resistance to hostile enchantments.
   It lets you blink.
 W - a +2 pair of boots (worn)
 X - the +5 robe of Night (worn) {Dark MR+ SInv}
   (You bought it in a shop on level 2 of the Orcish Mines)

   It affects your resistance to hostile enchantments.
   It lets you see invisible.
 Y - the +2 cloak of the Thief (worn) {+Fog Slay-2 SInv Stlth+}
   (You bought it in a shop on level 12 of the Dungeon)

   It affects your accuracy and damage with ranged weapons and melee attacks
   (-2).
   It lets you see invisible.
   It makes you more stealthy.
 Z - the +3 warlock's mirror (worn) {reflect}
   (You acquired it on level 10 of the Dungeon)
Magical Staves
 b - an uncursed staff of energy {!a}
 w - an uncursed staff of wizardry {!a}
 L - an uncursed staff of cold
Jewellery
 z - the amulet "Doweanne" (around neck) {Reflect MP+9 SH+4}
   (You bought it in a shop on level 2 of the Orcish Mines)

   [amulet of reflection]

   It shields you and reflects attacks.
   It affects your magic capacity (+9).
   It affects your SH (+4).
 A - the ring "Iqefimib" (left hand) {rF+ MR++ Str+6 Int+4}
   (You bought it in a shop on level 2 of the Orcish Mines)

   [ring of intelligence]

   It affects your strength (+6).
   It affects your intelligence (+4).
   It protects you from fire.
   It affects your resistance to hostile enchantments.
 B - a +4 ring of slaying (right hand)
 C - an uncursed ring of protection from cold
 D - the ring of the Five Emperors {rElec rF- rC+ rN+ SInv}
   (You found it on level 3 of the Crypt)

   [ring of positive energy]

   It makes you vulnerable to fire.
   It protects you from cold.
   It insulates you from electricity.
   It protects you from negative energy.
   It lets you see invisible.
 N - a ring of the Octopus King {Wiz AC+1 EV+1 Str+1 Int+1 Dex+1}
   (You found it on level 3 of the Depths)

   [ring of wizardry]

   It improves your spell success rate.
   It affects your AC (+1).
   It affects your evasion (+1).
   It affects your strength (+1).
   It affects your intelligence (+1).
   It affects your dexterity (+1).
 P - an uncursed ring of poison resistance
 S - an uncursed ring of resist corrosion
Wands
 f - a wand of clouds (6)
 g - a wand of digging (41)
 h - a wand of polymorph (27)
 i - a wand of paralysis (17)
 j - a wand of acid (11)
 F - a wand of enslavement (7)
 G - a wand of flame (14)
 H - a wand of iceblast (47)
Scrolls
 k - 30 scrolls of teleportation
 l - 6 scrolls of blinking
 m - 4 scrolls of fog
 n - 4 scrolls of fear
 o - 15 scrolls of remove curse
 p - 13 scrolls of identify
 q - 9 scrolls of immolation
 J - 3 scrolls of magic mapping
 O - a scroll of vulnerability
Potions
 r - 21 potions of curing
 s - 3 potions of magic
 t - a potion of resistance
 u - 6 potions of brilliance
 v - 7 potions of cancellation
 x - 7 potions of agility
 y - 5 potions of might
 E - 6 potions of flight
 I - a potion of mutation {!q}
 K - 2 potions of ambrosia
 Q - 4 potions of invisibility
Miscellaneous
 a - 3 phantom mirrors
 c - a fan of gales
 d - a lightning rod (4/4)
 M - a box of beasts
Comestibles
 e - 69 rations


   Skills:
 - Level 15.9 Fighting
   Level 3.6 Crossbows
 - Level 5.0 Armour
 - Level 7.2 Dodging
 - Level 11.3 Stealth
 - Level 4.1 Shields
 - Level 23.9 Unarmed Combat
 - Level 19.4 Spellcasting
 - Level 12.0 Conjurations
 - Level 4.0 Charms
 - Level 12.0 Summonings
 - Level 6.0 Translocations
 - Level 4.4 Transmutations
 - Level 1.0 Ice Magic
 - Level 4.0 Air Magic
 - Level 12.0 Invocations
 * Level 7.8 Evocations


You had 18 spell levels left.
You knew the following spells:

 Your Spells              Type           Power        Failure   Level  Hunger
a - Apportation           Tloc           ######       1%          1    None
c - Confusing Touch       Hex            #####.       1%          1    None
d - Deflect Missiles      Chrm/Air       ######....   22%         6    None
i - Ice Form              Ice/Tmut       ######..     2%          4    None
j - Aura of Abjuration    Summ           #######...   1%          5    None
l - Summon Lightning Spi  Summ/Air       #######.     1%          4    None
r - Regeneration          Chrm/Necr      ######....   1%          3    None
v - Spellforged Servitor  Conj/Summ      #######...   4%          7    None
x - Iron Shot             Conj/Erth      ######....   10%         6    None
B - Summon Butterflies    Summ           #######.     0%          1    None
M - Malign Gateway        Summ/Tloc      #######...   16%         7    None


Dungeon Overview and Level Annotations

Branches:
Dungeon (15/15)            Temple (0/1) D:7            Lair (6/6) D:10
 Shoals (4/4) Lair:2        Snake (4/4) Lair:3        Slime (0/5) Lair:6
    Orc (2/2) D:11            Elf (3/3) Orc:2        Vaults (4/5) D:14
  Crypt (3/3) Vaults:3       Tomb (1/3) Crypt:3      Depths (5/5) D:15
    Zot: Depths:5

Altars:
Ashenzari
Cheibriados
Elyvilon
Fedhas
Hepliaklqana
Kikubaaqudgha
Makhleb
Nemelex Xobeh
Qazlal
Ru
Sif Muna
Uskayaw
Xom
Yredelemnul
Zin
The Shining One
Beogh

Shops:
D:8 (   D:9 (*   D:12 *   D:13 [   Orc:2 (*[=   Elf:3 ?   Vaults:2 ?
Vaults:3 *   Depths:1 [   Depths:2 }%}

Portals:
Hell: Depths:1 Depths:2 Depths:3 Depths:4 Depths:5
Abyss: Depths:3 Depths:4
Pandemonium: Depths:3
Ziggurat: Depths:4

Annotations:
Lair:6 29 exclusions
Elf:2 3 runed doors


Innate Abilities, Weirdness & Mutations

You have razor-sharp teeth.
You heal very quickly.
When hurt, damage is shared between your health and your magic reserves.
Your bite disrupts and absorbs the magic of your enemies.
Potions cannot restore your health.
You are immune to rotting.


Message History

Orders for allies: a - Attack new target. r - Retreat! s - Stop attacking. g - Guard the area. f - Follow me.
Anything else - Cancel.
Guard this area!
Your eldritch tentacle suddenly becomes enraged!
The ettin hits your spellforged servitor with a dire flail!!
The ettin hits your spellforged servitor with a dire flail!!!
Your spellforged servitor points at the ettin and mumbles some strange words.
The iron shot hits the ettin.
Unknown command.
You punch the yaktaur captain! You bite the yaktaur captain.
You drain its power.
You feel invigorated.
The yaktaur captain is severely wounded.
The yaktaur captain hits you but does no damage.
The ettin hits your spellforged servitor with a dire flail!
The ettin hits your spellforged servitor with a dire flail!!
Your spellforged servitor is destroyed!
The ettin shouts in stereo!
You pulverise the yaktaur captain!!!
You kill the yaktaur captain!
Cheibriados appreciates the change of pace.
Casting: Spellforged Servitor
Confirm with . or Enter, or press ? or * to list all spells.
You summon a servant imbued with your destructive magic!
You completely miss the ettin. You bite the ettin, but do no damage.
The ettin is severely wounded.
You block the eldritch tentacle's attack.
The eldritch tentacle claws you but does no damage.
The ettin closely misses you. The ettin hits you with a dire flail!!!
* * * LOW HITPOINT WARNING * * *
Unknown command.
The eldritch tentacle slaps you!
* * * LOW HITPOINT WARNING * * *
You are engulfed in flames.
You resist.
* * * LOW HITPOINT WARNING * * *
The eldritch tentacle claws you!!
* * * LOW HITPOINT WARNING * * *
The eldritch tentacle freezes you!!
You die...

...#P≈c≈≈C.≈
#.#..†≈≈≈T≈
#.....#.♣
#..)(...# ..
#.)[C(i.#
..)#..)))##
..[)(.*─##
.......Cw#.#
......8@(.#
......##..#
.........###
...........#
...........##
............#
............#
............###
...##.=.......#


You could see an eldritch tentacle, a stone giant, an ettin and a friendly
spellforged servitor.

Vanquished Creatures
  An ancient lich (Crypt:3)
  A juggernaut (Depths:4)
  Xtahua (Vaults:2)
  4 caustic shrikes (Depths:2)
  Bai Suzhen (Depths:3)
  A golden dragon (Depths:3)
  A bone dragon (Crypt:3)
  5 liches
  A Hell Sentinel (Abyss:3)
  4 titans
  A deep elf blademaster (Elf:2)
  A quicksilver dragon (Depths:2)
  2 ancient champions
  10 sphinxes (Tomb:1)
  The ghost of Mesmaeker13 the Scorcher, an adept GrFE of Vehumet (Shoals:3)
  2 tentacled starspawn (Abyss:2)
  A storm dragon (Depths:2)
  Ilsuiw (Shoals:4)
  A shadow dragon (Depths:4)
  10 nagarajas (Snake:4)
  2 tengu reavers
  A daeva (Depths:4)
  4 revenants
  The ghost of Raikon the Bludgeoner, a journeyman MiGl of Makhleb (Orc:2)
  14 fire giants
  A draconian knight (Abyss:3)
  2 iron dragons
  A curse skull (Crypt:1)
  7 large abominations
  5 frost giants
  2 orc warlords
  2 deep elf sorcerers (Elf:3)
  A draconian stormcaller (Abyss:3)
  2 balrugs
  11 vault wardens
  A draconian shifter (Abyss:3)
  4 deep elf elementalists
  5 ghouls
  2 spriggan defenders
  20 very ugly things
  17 stone giants
  6 deep elf demonologists
  An ophan (Abyss:2)
  Nessos (Lair:4)
  14 ironheart preservers
  2 bennus (Tomb:1)
  6 vampire knights
  4 deep elf annihilators
  2 entropy weavers
  3 spark wasps
  6 ettins
  4 merfolk javelineers
  2 mummy priests (Tomb:1)
  5 eidola
  The ghost of Cadaver the Cleaver, a journeyman HuFi of Okawaru (Lair:2)
  A quicksilver dragon zombie (Crypt:2)
  2 deep elf death magi
  5 merfolk impalers
  A deep elf high priest (Elf:3)
  11 yaktaur captains
  17 jiangshi
  4 fire dragons
  7 vault guards
  2 great orbs of eyes
  2 naga warriors (Snake:4)
  4 hydras
  6 ice dragons
  5 centaur warriors
  3 rakshasas
  A merfolk avatar (Shoals:1)
  17 anacondas
  2 spriggan air magi
  4 death knights
  3 satyrs
  29 dancing weapons
  17 ogre magi
  8 deep troll earth magi
  35 two-headed ogres
  4 tengu warriors
  2 vampire magi
  5 deep troll shamans
  A titan zombie (Depths:2)
  2 shock serpents
  3 thrashing horrors (Abyss:2)
  5 spriggan berserkers
  17 deep elf knights
  Sonja (Orc:2)
  3 naga sharpshooters (Snake:4)
  2 orc high priests
  10 hell knights
  5 shadow wraiths
  A titan skeleton (Crypt:1)
  32 skeletal warriors
  A wretched star (Abyss:2)
  A ghost moth zombie (Crypt:3)
  4 unseen horrors
  A spatial maelstrom (Abyss:2)
  A spark wasp zombie (Depths:2)
  8 small abominations
  2 iron trolls
  9 sea snakes
  4 wizards
  3 shadow demons (Abyss:2)
  15 deep trolls
  5 glowing orange brains
  7 flayed ghosts
  13 deep elf archers
  6 necromancers
  6 phantasmal warriors
  9 ironbrand convokers
  14 orc knights
  5 harpies
  6 naga ritualists (Snake:4)
  6 mana vipers
  5 oklob plants
  A stone giant zombie (Depths:1)
  22 fauns
  40 ugly things
  3 salamanders
  A spectral ettin (Crypt:3)
  7 wolf spiders
  32 slime creatures
  6 orc sorcerers (Orc:2)
  A fire giant zombie (Depths:2)
  54 deep elf magi
  A manticore (shapeshifter) (D:15)
  A worldbinder (Abyss:2)
  2 frost giant zombies
  12 elephants
  A sphinx skeleton (Depths:1)
  10 vault sentinels
  10 manticores
  20 black mambas
  A stone giant skeleton (Tomb:1)
  Maurice (D:9)
  3 frost giant skeletons (Depths:2)
  2 cyclopes
  An apocalypse crab (Abyss:2)
  A fire giant skeleton (Depths:2)
  11 naga magi
  8 guardian serpents
  4 merfolk sirens
  5 water nymphs
  An ice statue (IceCv)
  A torpor snail (shapeshifter) (D:15)
  13 spiny frogs
  A torpor snail (Lair:2)
  2 kobold demonologists (D:14)
  3 komodo dragons
  19 freezing wraiths
  A spiny frog (shapeshifter) (Vaults:4)
  A rime drake (Lair:6)
  A rime drake (shapeshifter) (Vaults:3)
  3 komodo dragons (shapeshifter)
  A guardian mummy (Tomb:1)
  A silent spectre (Abyss:2)
  53 yaktaurs
  An ancient zyme (Abyss:2)
  4 polar bears
  5 trolls
  15 merfolk
  12 hornets
  A harpy skeleton (D:15)
  A shadow dragon simulacrum (Vaults:3)
  3 wind drakes
  Prince Ribbit (D:5)
  23 blink frogs
  A hippogriff (shapeshifter) (Vaults:1)
  10 hippogriffs
  A hornet (shapeshifter) (D:15)
  A dream sheep (shapeshifter) (D:15)
  2 dream sheep (D:9)
  A frost giant simulacrum (Crypt:3)
  8 snapping turtles
  Sigmund (D:6)
  A guardian serpent skeleton (Crypt:1)
  68 flying skulls
  8 air elementals
  A yak (shapeshifter) (D:13)
  4 shadows
  A tarantella (shapeshifter) (D:14)
  2 spriggans (shapeshifter)
  62 yaks
  A vampire (D:13)
  12 spriggans
  A ynoxinul (Abyss:2)
  Grum (D:11)
  6 wraiths
  7 fire elementals
  10 water elementals
  The ghost of Jaiteiro the Shooter, an amateur CeHu (D:3)
  3 hungry ghosts
  A steam dragon (Lair:5)
  3 chaos spawn (Abyss:2)
  A death yak simulacrum (IceCv)
  5 basilisks
  3 yaktaur simulacra
  A vampire mosquito (D:14)
  9 wargs
  31 nagas
  2 acid dragons
  A soldier ant (D:13)
  An acid dragon (shapeshifter) (Vaults:3)
  A floating eye (Depths:2)
  20 water moccasins
  16 porcupines
  A monstrous demonspawn skeleton (Crypt:2)
  An ettin simulacrum (Crypt:3)
  7 black bears
  4 sky beasts
  An elephant zombie (Crypt:2)
  7 ice beasts
  A two-headed ogre skeleton (Crypt:1)
  63 orc warriors
  6 necrophages
  3 eyes of draining (D:13)
  A boggart (shapeshifter) (Vaults:4)
  42 ogres
  10 starcursed masses (Abyss:2)
  20 boggarts
  A phantom (D:12)
  24 wolves
  4 centaurs
  14 crocodiles
  6 big kobolds
  An elf zombie (Crypt:2)
  19 bullfrogs
  A glowing shapeshifter simulacrum (Depths:2)
  3 earth elementals
  A draconian skeleton (Crypt:1)
  A yaktaur skeleton (Crypt:2)
  5 scorpions
  A wyvern skeleton (D:10)
  A water moccasin skeleton (D:10)
  12 killer bees
  15 wights
  3 vampire bats (D:3)
  2 howler monkeys (D:13)
  3 electric eels
  10 crimson imps
  3 bullfrog zombies
  6 centaur zombies
  3 draconian simulacra (IceCv)
  4 quasits
  5 hounds
  5 human zombies
  5 jellies
  3 bullfrog skeletons
  A gnoll shaman (D:7)
  20 orc priests
  Crazy Yiuf (D:3)
  5 centaur skeletons
  26 orc wizards
  3 iguanas
  A troll simulacrum (IceCv)
  A polar bear simulacrum (IceCv)
  12 worker ants
  2 spriggan simulacra (IceCv)
  2 wolf simulacra (IceCv)
  3 centaur simulacra (IceCv)
  A felid skeleton (Crypt:1)
  2 hound skeletons
  16 mummies
  3 worker ant zombies
  3 gnolls (D:7)
  A howler monkey skeleton (D:4)
  8 naga simulacra (IceCv)
  3 ogre simulacra (IceCv)
  9 adders
  4 shadow imps
  13 white imps
  A lava snake zombie (Crypt:2)
  An iguana skeleton (Crypt:1)
  2 worms
  3 dart slugs (D:1)
  3 leopard geckos
  86 orcs
  4 ball pythons
  7 bats
  2 bat skeletons (D:3)
  5 bat zombies (D:3)
  3 giant cockroaches
  8 goblins
  5 hobgoblins
  10 jackals
  12 kobolds
  4 quokkas
  3 frilled lizards
  A frilled lizard skeleton (Crypt:2)
  7 goblin zombies (Ossuary)
  2 hobgoblin zombies (Ossuary)
  2 jackal zombies
  3 kobold zombies (Ossuary)
  A leopard gecko skeleton (D:5)
  2 leopard gecko zombies
  7 rats
  A bush (Lair:4)
  A crawling corpse (Elf:3)
  5 fungi
  5 plants
2023 creatures vanquished.

Vanquished Creatures (collateral kills)
  Mennas (Depths:4)
  Mara (Vaults:3)
  A greater mummy (Tomb:1)
  Margery (Vaults:4)
  A caustic shrike (Depths:2)
  Jory (Depths:4)
  A profane servitor (Crypt:3)
  A lich (Depths:2)
  A tentacled monstrosity (Vaults:4)
  A deep elf master archer (Elf:3)
  A deep elf blademaster (Elf:3)
  A quicksilver dragon (Depths:5)
  A sphinx (Vaults:3)
  A shadow dragon (Depths:4)
  Donald (Vaults:2)
  A revenant (Crypt:1)
  2 daevas
  A nagaraja (Snake:4)
  2 vault wardens (Vaults:3)
  3 fire giants
  An orc warlord (Orc:2)
  7 deep elf sorcerers (Elf:3)
  2 curse skulls (Crypt:2)
  2 frost giants
  An iron dragon (Depths:4)
  An ironheart preserver (Vaults:4)
  5 deep elf elementalists (Elf:3)
  7 very ugly things
  2 stone giants (Vaults:3)
  6 deep elf demonologists (Elf:3)
  2 vampire knights
  2 bennus (Tomb:1)
  6 deep elf annihilators
  A spark wasp (Depths:2)
  3 mummy priests (Tomb:1)
  2 merfolk javelineers (Shoals:4)
  3 deep elf death magi
  4 merfolk impalers
  An ettin (Depths:1)
  2 great orbs of eyes
  A vault guard (Vaults:1)
  3 deep elf high priests (Elf:3)
  An ice dragon (Depths:3)
  3 merfolk avatars
  6 starcursed masses (Abyss:2)
  A spriggan air mage (Depths:3)
  A death knight (Abyss:2)
  An anaconda (Snake:4)
  2 alligator snapping turtles
  3 two-headed ogres (Vaults:3)
  2 dancing weapons (Elf:3)
  An ogre mage (Vaults:4)
  2 tengu warriors (Depths:1)
  A deep troll shaman (Depths:5)
  2 satyrs (Shoals:4)
  A deep troll earth mage (Depths:2)
  A vampire mage (Crypt:2)
  2 naga sharpshooters
  5 deep elf knights
  An iron troll (Depths:5)
  A skeletal warrior (Crypt:2)
  5 deep trolls
  6 hell knights
  6 phantasmal warriors (Crypt:3)
  3 flayed ghosts (Crypt:3)
  2 deep elf archers (Elf:3)
  An orc knight (Vaults:1)
  A sphinx zombie (Crypt:2)
  7 harpies
  5 necromancers
  An orc sorcerer (Vaults:4)
  5 ugly things
  5 fauns
  4 deep elf magi
  An elephant (shapeshifter) (Depths:2)
  A water nymph (Shoals:3)
  A merfolk siren (Shoals:4)
  A guardian serpent (Snake:4)
  A black mamba (Snake:4)
  A vault sentinel (Vaults:3)
  A large abomination (Crypt:3)
  8 yaktaurs
  A freezing wraith (Crypt:3)
  An efreet (Abyss:2)
  A guardian mummy (Tomb:1)
  A hellwing (Depths:3)
  3 merfolk
  2 hornets (Depths:5)
  2 snapping turtles
  A wind drake (Shoals:3)
  3 raiju (Abyss:2)
  An ice dragon zombie (Tomb:1)
  6 flying skulls
  2 small abominations
  3 wraiths (Crypt:3)
  2 spriggans (Depths:5)
  2 air elementals
  3 ushabtiu (Tomb:1)
  2 neqoxecs (Abyss:2)
  2 wargs (Vaults:2)
  2 acid dragons
  3 nagas
  A spatial vortex (Abyss:2)
  A hell hound (Depths:3)
  9 ogres
  An orc warrior (Vaults:4)
  2 earth elementals (Elf:3)
  4 wights (Crypt:2)
  A crimson imp (Depths:3)
  3 mummies (Tomb:1)
  A white imp (Abyss:2)
  2 orcs
259 creatures vanquished.

Vanquished Creatures (others)
  2 deep elf master archers (Elf:3)
  4 eldritch tentacles
  A merfolk javelineer (Shoals:4)
  2 ettins (Depths:3)
  A yaktaur captain (Depths:5)
  A satyr (Shoals:4)
  A two-headed ogre (Depths:4)
  A deep elf mage (Vaults:2)
  A tengu skeleton (Depths:2)
  A manticore (Shoals:4)
  2 yaktaurs
  A snapping turtle (Shoals:4)
  2 boggarts (Depths:3)
  15 fungi
  A lurking horror (Abyss:2)
  81 plants
  4 starspawn tentacles (Abyss:2)
121 creatures vanquished.

Grand Total: 2403 creatures vanquished

Notes
Turn   | Place    | Note
-------+----------+-------------------------------------------
     0 | D:1      | glosham the Vine Stalker Hunter began the quest for the Orb.
     0 | D:1      | Reached XP level 1. HP: 11/11 MP: 2/2
    66 | D:2      | Reached skill level 1 in Unarmed Combat
    83 | D:3      | Noticed Jaiteiro's ghost (amateur CeHu)
   131 | D:4      | Reached skill level 2 in Fighting
   131 | D:4      | Reached XP level 2. HP: 12/15 MP: 3/3
   152 | D:4      | Reached skill level 2 in Unarmed Combat
   152 | D:4      | Reached XP level 3. HP: 16/19 MP: 4/4
   234 | D:4      | Found a snail-covered altar of Cheibriados.
   240 | D:4      | Became a worshipper of Cheibriados the Contemplative
   317 | D:3      | Found a deep blue altar of Sif Muna.
   355 | D:3      | Gained mutation: Your natural rate of healing is unusually fast. [Vine Stalker growth]
   355 | D:3      | Reached XP level 4. HP: 23/23 MP: 5/5
   402 | D:3      | Reached skill level 3 in Unarmed Combat
   891 | D:1      | Reached * piety under Cheibriados
  1175 | D:2      | Found a glowing silver altar of Zin.
  1463 | D:2      | Reached XP level 5. HP: 28/28 MP: 6/6
  1464 | D:2      | Reached skill level 3 in Fighting
  1582 | D:3      | Reached ** piety under Cheibriados
  1658 | D:3      | Found a runed door.
  1663 | D:3      | Noticed Crazy Yiuf
  1671 | D:3      | Killed Crazy Yiuf
  1989 | D:2      | Reached skill level 4 in Unarmed Combat
  2141 | D:3      | Reached skill level 1 in Armour
  2187 | D:3      | Found an ancient bone altar of Kikubaaqudgha.
  2193 | D:3      | Reached XP level 6. HP: 32/32 MP: 5/7
  2197 | D:3      | Reached *** piety under Cheibriados
  2197 | D:3      | Reached skill level 1 in Invocations
  2246 | D:4      | Reached skill level 5 in Unarmed Combat
  2702 | D:3      | Killed Jaiteiro's ghost
  2702 | D:3      | Reached skill level 2 in Invocations
  2702 | D:3      | Reached XP level 7. HP: 36/36 MP: 9/9
  2765 | D:5      | Entered Level 5 of the Dungeon
  2782 | D:5      | Noticed Prince Ribbit
  2809 | D:5      | Killed Prince Ribbit
  2809 | D:5      | Reached skill level 2 in Dodging
  2809 | D:5      | Reached skill level 6 in Unarmed Combat
  2862 | D:5      | Found a sacrificial altar of Ru.
  2956 | D:5      | Found a sand-covered staircase.
  2970 | Ossuary  | Entered an ossuary
  2970 | Ossuary  | Noticed a wraith
  2970 | Ossuary  | Noticed a wraith
  2970 | Ossuary  | Noticed a wraith
  3044 | Ossuary  | Reached **** piety under Cheibriados
  3098 | Ossuary  | Reached skill level 7 in Unarmed Combat
  3117 | Ossuary  | Gained mutation: You have razor-sharp teeth. [Vine Stalker growth]
  3117 | Ossuary  | Reached XP level 8. HP: 40/40 MP: 10/10
  3220 | Ossuary  | Noticed a wraith
  3230 | Ossuary  | Killed a wraith
  3230 | Ossuary  | Reached skill level 3 in Dodging
  3265 | Ossuary  | Identified a scroll of acquirement
  3266 | Ossuary  | Got a pair of jewelled gloves
  3277 | Ossuary  | Identified the +2 pair of gloves of Least Resistance {+Blink rF++ MR- Slay+6} (You acquired it in an ossuary)
  3416 | D:5      | Learned a level 1 spell: Confusing Touch
  3539 | D:5      | Found a glowing golden altar of the Shining One.
  3765 | D:6      | Reached skill level 1 in Evocations
  3825 | D:6      | Reached skill level 8 in Unarmed Combat
  3885 | D:6      | Noticed Sigmund
  3893 | D:6      | Killed Sigmund
  3893 | D:6      | Reached skill level 2 in Evocations
  3936 | D:6      | Reached skill level 9 in Unarmed Combat
  4067 | D:6      | Reached skill level 3 in Evocations
  4067 | D:6      | Reached XP level 9. HP: 44/44 MP: 12/12
  4211 | D:7      | Reached ***** piety under Cheibriados
  4559 | D:7      | Reached skill level 3 in Invocations
  4650 | D:8      | Found a hazy altar of Hepliaklqana.
  4651 | D:8      | Found a shimmering altar of Xom.
  4651 | D:8      | Noticed a thorn hunter
  4652 | D:8      | Noticed a thorn hunter
  4652 | D:8      | Noticed a spectral ugly thing
  4764 | D:8      | Found Efaucarpha's Weapon Shop.
  4785 | D:8      | Found a stormy altar of Qazlal.
  4862 | D:8      | Reached skill level 10 in Unarmed Combat
  4930 | D:7      | Found a staircase to the Ecumenical Temple.
  5048 | D:7      | Found a sparkling altar of Nemelex Xobeh.
  5114 | D:7      | Reached skill level 4 in Invocations
  5122 | D:7      | Found a white marble altar of Elyvilon.
  5183 | D:7      | Noticed a dagger
  5185 | D:7      | Found a hide-covered altar of Uskayaw.
  5185 | D:7      | Noticed a hand axe
  5457 | D:9      | Reached skill level 11 in Unarmed Combat
  5457 | D:9      | Reached skill level 5 in Invocations
  5471 | D:9      | Reached XP level 10. HP: 49/49 MP: 14/14
  5514 | D:9      | Noticed a two-headed hydra
  5524 | D:9      | Killed a two-headed hydra
  5524 | D:9      | Reached skill level 6 in Invocations
  5586 | D:9      | Found a shattered altar of Ashenzari.
  5651 | D:9      | Reached ****** piety under Cheibriados
  5654 | D:9      | Reached skill level 12 in Unarmed Combat
  5838 | D:9      | Found Gysch's Assorted Antiques.
  5848 | D:9      | Bought a twisted glass wand for 92 gold pieces
  5848 | D:9      | Bought a scroll labeled NUF IGOONLY for 23 gold pieces
  5914 | D:8      | Noticed a two-headed ogre
  5923 | D:8      | Reached skill level 7 in Invocations
  5931 | D:8      | Killed a two-headed ogre
  5931 | D:8      | Reached skill level 13 in Unarmed Combat
  5931 | D:8      | Reached XP level 11. HP: 41/52 MP: 17/17
  6010 | D:8      | Found a burning altar of Makhleb.
  6137 | D:9      | Noticed Maurice
  6142 | D:9      | Killed Maurice
  6217 | D:9      | Found Bitur's Weapon Emporium.
  6265 | D:9      | Bought a scroll of teleportation for 69 gold pieces
  6265 | D:9      | Bought a scroll of blinking for 172 gold pieces
  6289 | D:10     | Entered Level 10 of the Dungeon
  6337 | D:10     | Reached skill level 4 in Fighting
  6415 | D:10     | Noticed a two-headed ogre
  6426 | D:10     | Killed a two-headed ogre
  6474 | D:10     | Found a staircase to the Lair.
  6500 | D:10     | Learned a level 3 spell: Regeneration
  6517 | D:10     | Reached skill level 14 in Unarmed Combat
  6523 | D:10     | Found the +3 warlock's mirror {reflect}
  6635 | D:10     | Reached skill level 1 in Shields
  6723 | D:10     | Reached skill level 2 in Shields
  6922 | D:11     | Reached skill level 3 in Shields
  7019 | D:11     | Reached skill level 4 in Shields
  7065 | D:11     | Found a staircase to the Orcish Mines.
  7117 | D:11     | Noticed Grum
  7128 | D:11     | Killed Grum
  7271 | D:11     | Reached skill level 5 in Fighting
  7317 | D:11     | Noticed a two-headed ogre
  7322 | D:11     | Gained mutation: You heal very quickly. [Vine Stalker growth]
  7322 | D:11     | Reached XP level 12. HP: 60/60 MP: 18/18
  7326 | D:11     | Killed a two-headed ogre
  7644 | D:12     | Reached skill level 6 in Fighting
  7705 | D:12     | Found Ried Iplaeg's Assorted Antiques.
  7708 | D:12     | Bought a fizzy orange potion for 30 gold pieces
  7775 | D:12     | Reached skill level 15 in Unarmed Combat
  8524 | D:13     | Reached skill level 7 in Fighting
  8581 | D:13     | Noticed a tengu warrior
  8599 | D:13     | Killed a tengu warrior
  8599 | D:13     | Reached skill level 16 in Unarmed Combat
  8613 | D:13     | Reached XP level 13. HP: 55/67 MP: 19/19
  8635 | D:13     | Found Hotuilie's Antique Armour Emporium.
  9375 | D:14     | Reached skill level 8 in Fighting
  9456 | D:14     | Found a blossoming altar of Fedhas.
  9628 | D:14     | Noticed a vault guard
  9642 | D:14     | Killed a vault guard
  9642 | D:14     | Reached skill level 17 in Unarmed Combat
  9682 | D:14     | Found a gate to the Vaults.
  9884 | D:15     | Entered Level 15 of the Dungeon
  9952 | D:15     | Reached skill level 9 in Fighting
 10087 | D:15     | Reached XP level 14. HP: 57/75 MP: 20/20
 10106 | D:15     | Reached skill level 2 in Armour
 10209 | D:15     | Reached skill level 4 in Dodging
 10269 | D:15     | Reached skill level 18 in Unarmed Combat
 10371 | D:15     | Reached skill level 5 in Dodging
 10372 | D:15     | Found a staircase to the Depths.
 10486 | D:12     | Bought the +2 cloak of the Thief {+Fog Slay-2 SInv Stlth+} for 683 gold pieces
 10486 | D:12     | Found the +2 cloak of the Thief {+Fog Slay-2 SInv Stlth+}
 10572 | Lair:1   | Entered Level 1 of the Lair of Beasts
 10924 | Lair:2   | Reached skill level 8 in Invocations
 11114 | Lair:2   | Noticed Cadaver's ghost (journeyman HuFi)
 11124 | Lair:2   | Killed Cadaver's ghost
 11225 | Lair:2   | Reached skill level 19 in Unarmed Combat
 11306 | Lair:2   | Found a staircase to the Shoals.
 11526 | Lair:3   | Found a staircase to the Snake Pit.
 11729 | Lair:5   | Identified the +2 plate armour of the Bard {Dex+3 Stlth+} (You found it on level 5 of the Lair of Beasts)
 11832 | Lair:5   | You fall through a shaft!
 11832 | Lair:6   | Entered Level 6 of the Lair of Beasts
 11871 | Lair:6   | Reached XP level 15. HP: 70/79 MP: 22/22
 12021 | Lair:6   | Reached skill level 3 in Armour
 12057 | Lair:6   | Found a staircase to the Slime Pits.
 12451 | Lair:6   | Reached skill level 4 in Armour
 12848 | Lair:5   | Reached skill level 20 in Unarmed Combat
 13366 | Lair:3   | Identified the +4 ring mail of Kudel {rCorr MP+9 Int+3} (You found it on level 3 of the Lair of Beasts)
 13384 | Lair:3   | Reached skill level 5 in Armour
 13676 | D:13     | Bought a bloodstained plate armour for 1036 gold pieces
 13676 | D:13     | Identified the +1 plate armour of Wisdom {rN+ Dex+4} (You bought it in a shop on level 13 of the Dungeon)
 13677 | D:13     | Bought a pair of glowing boots for 277 gold pieces
 13677 | D:13     | Bought a faintly glowing chain mail for 351 gold pieces
 13677 | D:13     | Identified the +2 chain mail of Day {Int+6 Dex+4} (You bought it in a shop on level 13 of the Dungeon)
 13688 | D:13     | Identified a +2 pair of boots of running (You bought it in a shop on level 13 of the Dungeon)
 13774 | D:12     | Bought a scroll of teleportation for 102 gold pieces
 13774 | D:12     | Bought a scroll of teleportation for 102 gold pieces
 13774 | D:12     | Bought a potion of cancellation for 272 gold pieces
 13991 | Orc:1    | Entered Level 1 of the Orcish Mines
 13991 | Orc:1    | Found a shimmering altar of Xom.
 14195 | Orc:2    | Entered Level 2 of the Orcish Mines
 14195 | Orc:2    | Found a frozen archway.
 14208 | IceCv    | Entered an ice cave
 14234 | IceCv    | Reached skill level 9 in Invocations
 14532 | IceCv    | Learned a level 4 spell: Ice Form
 14583 | IceCv    | Found an ancient bone altar of Kikubaaqudgha.
 14775 | Orc:1    | Reached skill level 1 in Transmutations
 14779 | Orc:1    | Reached skill level 1 in Spellcasting
 14992 | Orc:2    | Reached skill level 1 in Ice Magic
 15016 | Orc:2    | Found Sieklih's General Store.
 15024 | Orc:2    | Bought a scroll of torment for 90 gold pieces
 15024 | Orc:2    | Bought 2 scrolls of fear for 84 gold pieces
 15053 | Orc:2    | Noticed an orc warlord
 15061 | Orc:2    | Reached skill level 2 in Spellcasting
 15061 | Orc:2    | Reached skill level 2 in Transmutations
 15087 | Orc:2    | Killed an orc warlord
 15123 | Orc:2    | Noticed an orc warlord
 15127 | Orc:2    | Reached skill level 3 in Spellcasting
 15127 | Orc:2    | Reached skill level 3 in Transmutations
 15131 | Orc:2    | Killed an orc warlord
 15131 | Orc:2    | Reached XP level 16. HP: 54/84 MP: 22/23
 15205 | Orc:2    | Reached skill level 4 in Spellcasting
 15205 | Orc:2    | Reached skill level 4 in Transmutations
 15284 | Orc:2    | Noticed Raikon's ghost (journeyman MiGl)
 15293 | Orc:2    | Killed Raikon's ghost
 15319 | Orc:2    | Found Emid's Antique Armour Shop.
 15322 | Orc:2    | Found a staircase to the Elven Halls.
 15327 | Orc:2    | Bought the +5 robe of Night {Dark MR+ SInv} for 1980 gold pieces
 15327 | Orc:2    | Found the +5 robe of Night {Dark MR+ SInv}
 15525 | Orc:2    | Found Ygur's Antique Weapon Boutique.
 15533 | Orc:2    | Reached skill level 2 in Stealth
 15792 | Orc:2    | Noticed Sonja
 15802 | Orc:2    | Killed Sonja
 15834 | Orc:2    | Found Gisatiwnol's Jewellery Boutique.
 15840 | Orc:2    | Bought the ring "Iqefimib" {rF+ MR++ Str+6 Int+4} for 806 gold pieces
 15906 | Elf:1    | Entered Level 1 of the Elven Halls
 15911 | Elf:1    | Reached skill level 3 in Stealth
 15977 | Elf:1    | Reached skill level 5 in Spellcasting
 16159 | Elf:1    | Reached skill level 6 in Spellcasting
 16210 | Elf:1    | Reached skill level 7 in Spellcasting
 16432 | Elf:1    | Reached skill level 8 in Spellcasting
 16640 | Elf:1    | Learned a level 7 spell: Spellforged Servitor
 16715 | Elf:1    | Reached skill level 1 in Conjurations
 16715 | Elf:1    | Reached skill level 1 in Summonings
 16741 | Elf:1    | Reached skill level 2 in Conjurations
 16741 | Elf:1    | Reached skill level 2 in Summonings
 16858 | Elf:1    | Reached skill level 3 in Conjurations
 16858 | Elf:1    | Reached skill level 3 in Summonings
 16885 | Elf:1    | Learned a level 6 spell: Iron Shot
 16954 | Elf:2    | Found a runed gate.
 16956 | Elf:2    | Found a runed gate.
 16956 | Elf:2    | Found a runed gate.
 17001 | Elf:2    | Reached skill level 4 in Conjurations
 17001 | Elf:2    | Reached skill level 4 in Summonings
 17009 | Elf:2    | Reached XP level 17. HP: 63/87 MP: 14/30
 17014 | Elf:2    | Found a roughly hewn altar of Beogh.
 17019 | Elf:2    | Reached skill level 5 in Conjurations
 17019 | Elf:2    | Reached skill level 5 in Summonings
 17264 | Elf:2    | Reached skill level 6 in Conjurations
 17264 | Elf:2    | Reached skill level 6 in Summonings
 17499 | Elf:2    | Noticed a deep elf blademaster
 17596 | Elf:2    | Reached skill level 7 in Conjurations
 17596 | Elf:2    | Reached skill level 7 in Summonings
 17618 | Elf:2    | Killed a deep elf blademaster
 17753 | Elf:2    | Reached skill level 8 in Conjurations
 17753 | Elf:2    | Reached skill level 8 in Summonings
 17925 | Orc:2    | Bought an uncursed ring of poison resistance for 260 gold pieces
 18121 | D:15     | Learned a level 6 spell: Deflect Missiles
 18126 | D:15     | Learned a level 4 spell: Summon Lightning Spire
 18445 | Lair:4   | Reached skill level 1 in Charms
 18445 | Lair:4   | Reached skill level 1 in Air Magic
 18488 | Lair:4   | Noticed Nessos
 18494 | Lair:4   | Killed Nessos
 18557 | Lair:4   | Reached skill level 2 in Charms
 18557 | Lair:4   | Reached skill level 2 in Air Magic
 18621 | Lair:4   | Identified the +1 large shield "Umex Ukk" {Str+6} (You found it on level 4 of the Lair of Beasts)
 19015 | Snake:1  | Entered Level 1 of the Snake Pit
 19271 | Snake:2  | Reached skill level 3 in Air Magic
 19286 | Snake:1  | Reached skill level 3 in Charms
 19437 | Snake:4  | Entered Level 4 of the Snake Pit
 19475 | Snake:4  | Reached skill level 4 in Charms
 19475 | Snake:4  | Reached skill level 4 in Air Magic
 19722 | Snake:4  | Reached XP level 18. HP: 83/92 MP: 27/31
 19792 | Snake:4  | Reached skill level 9 in Spellcasting
 19986 | Snake:4  | Reached skill level 9 in Summonings
 19991 | Snake:4  | Reached skill level 9 in Conjurations
 20050 | Snake:4  | HP: 6/92 [naga sharpshooter/bolt (18)]
 20101 | Snake:4  | Reached skill level 10 in Spellcasting
 20303 | Snake:4  | Reached skill level 10 in Summonings
 20315 | Snake:4  | Reached skill level 10 in Conjurations
 20350 | Snake:4  | Got a serpentine rune of Zot
 20585 | Shoals:1 | Entered Level 1 of the Shoals
 20762 | Shoals:3 | Noticed Mesmaeker13's ghost (adept GrFE)
 20767 | Shoals:3 | Killed Mesmaeker13's ghost
 20884 | Shoals:3 | Reached skill level 11 in Spellcasting
 21025 | Shoals:4 | Entered Level 4 of the Shoals
 21051 | Shoals:3 | Reached XP level 19. HP: 94/96 MP: 33/35
 21117 | Shoals:4 | Noticed Ilsuiw
 21227 | Shoals:4 | Killed Ilsuiw
 21259 | Shoals:4 | Reached skill level 11 in Summonings
 21287 | Shoals:4 | Reached skill level 11 in Conjurations
 21434 | Shoals:4 | HP: 5/96 [satyr/arrow (11)]
 21793 | Shoals:4 | Learned a level 1 spell: Apportation
 21833 | Shoals:4 | Reached skill level 4 in Evocations
 22056 | Shoals:4 | Reached skill level 12 in Spellcasting
 22098 | Shoals:4 | Got a barnacled rune of Zot
 22290 | Lair:2   | Learned a level 1 spell: Summon Butterflies
 22647 | Orc:2    | Bought the amulet "Doweanne" {Reflect MP+9 SH+4} for 687 gold pieces
 22648 | Orc:2    | Paralysed by miscasting Deflect Missiles for 4 turns
 22761 | Elf:3    | Entered Level 3 of the Elven Halls
 23062 | Elf:3    | Found Uzyky's Magic Scroll Emporium.
 23070 | Elf:3    | Bought a scroll of enchant armour for 97 gold pieces
 23106 | Elf:3    | Reached skill level 5 in Evocations
 23144 | Elf:3    | Reached skill level 12 in Conjurations
 23144 | Elf:3    | Reached skill level 12 in Summonings
 23262 | Elf:3    | Noticed a Hell Sentinel
 23263 | Elf:3    | Reached skill level 13 in Spellcasting
 23264 | Elf:3    | Reached XP level 20. HP: 80/100 MP: 16/38
 23339 | Elf:3    | Noticed a Brimstone Fiend
 23375 | Elf:3    | Identified the +1 leather armour "Cukolap" {rF+ Regen+} (You took it off a deep elf demonologist on level 3 of the Elven Halls)
 23486 | Elf:3    | Reached skill level 14 in Spellcasting
 23587 | Elf:3    | Found the +15 Maxwell's patent armour {-Cast -Tele rElec MR+ rCorr}
 23624 | Elf:3    | Identified the cursed +0 cloak of Honour {rN++ rCorr} (You found it on level 3 of the Elven Halls)
 23628 | Elf:3    | Identified the +2 dagger "Waoros" {pierce, +Blink rElec rN+++ Int-4} (You found it on level 3 of the Elven Halls)
 23680 | Elf:3    | Learned a level 7 spell: Malign Gateway
 23747 | Elf:3    | Bought a scroll of identify for 26 gold pieces
 23747 | Elf:3    | Bought a scroll of teleportation for 39 gold pieces
 23747 | Elf:3    | Bought a scroll of teleportation for 39 gold pieces
 23747 | Elf:3    | Bought a scroll of identify for 26 gold pieces
 23747 | Elf:3    | Bought a scroll of teleportation for 39 gold pieces
 24061 | Vaults:1 | Entered Level 1 of the Vaults
 24069 | Vaults:1 | Reached skill level 1 in Translocations
 24104 | Vaults:1 | Reached skill level 2 in Translocations
 24114 | Vaults:1 | Reached skill level 3 in Translocations
 24138 | Vaults:1 | Reached skill level 4 in Translocations
 24227 | Vaults:1 | Reached skill level 5 in Translocations
 24276 | Vaults:1 | Reached skill level 6 in Translocations
 24723 | Vaults:1 | HP: 9/101 [deep troll[an ironheart preserver] (10)]
 24723 | Vaults:1 | HP: 1/101 [deep troll[an ironheart preserver] (8)]
 24737 | Vaults:1 | HP: 10/101 [deep troll[an ironheart preserver] (5)]
 25001 | Vaults:2 | Found Enousk's Magic Scroll Emporium.
 25205 | Vaults:4 | Reached skill level 10 in Fighting
 25259 | Vaults:4 | Reached XP level 21. HP: 107/107 MP: 40/40
 25325 | Vaults:4 | Reached skill level 21 in Unarmed Combat
 25738 | Vaults:2 | Reached skill level 10 in Invocations
 25755 | Vaults:2 | Reached skill level 15 in Spellcasting
 25901 | Vaults:2 | Noticed Xtahua
 25910 | Vaults:2 | Killed Xtahua
 26444 | Vaults:2 | Noticed Donald
 26456 | Vaults:2 | Killed Donald
 26456 | Vaults:2 | Reached skill level 11 in Fighting
 26921 | Vaults:3 | Found a staircase to the Crypt.
 26949 | Vaults:3 | Noticed Mara
 26965 | Vaults:3 | Noticed glosham's illusion
 26991 | Vaults:3 | Noticed glosham's illusion
 26991 | Vaults:3 | Killed Mara
 27022 | Crypt:1  | Entered Level 1 of the Crypt
 27195 | Crypt:1  | Reached XP level 22. HP: 114/114 MP: 42/42
 27456 | Crypt:3  | Entered Level 3 of the Crypt
 27494 | Crypt:3  | Reached skill level 16 in Spellcasting
 27635 | Crypt:3  | Reached skill level 11 in Invocations
 27741 | Crypt:3  | Reached skill level 12 in Fighting
 27769 | Crypt:3  | Found a basalt altar of Yredelemnul.
 28084 | Crypt:3  | Noticed a profane servitor
 28091 | Crypt:3  | Killed a profane servitor
 28131 | Crypt:3  | Reached skill level 22 in Unarmed Combat
 28308 | Crypt:3  | Noticed an ancient lich
 28313 | Crypt:3  | Killed an ancient lich
 28320 | Crypt:3  | Found a staircase to the Tomb.
 28347 | Crypt:3  | Identified the Volume of Enthralling Calling
 28348 | Crypt:3  | Identified the ring of Joteq {rElec rF++ rC- rN+ Int+3} (You found it on level 3 of the Crypt)
 28349 | Crypt:3  | Identified the ring of Duvogh {rN+ SInv} (You found it on level 3 of the Crypt)
 28350 | Crypt:3  | Identified the ring of the Five Emperors {rElec rF- rC+ rN+ SInv} (You found it on level 3 of the Crypt)
 28360 | Tomb:1   | Entered Level 1 of the Tomb of the Ancients
 28768 | Tomb:1   | Noticed a greater mummy
 28781 | Tomb:1   | Killed a greater mummy
 28781 | Tomb:1   | Reached XP level 23. HP: 58/121 MP: 20/44
 28867 | Tomb:1   | Reached skill level 13 in Fighting
 29291 | Crypt:2  | Reached skill level 17 in Spellcasting
 29372 | Crypt:2  | Found a basalt altar of Yredelemnul.
 30285 | Vaults:4 | Reached skill level 12 in Invocations
 30524 | Vaults:4 | Identified the Volume of Creative Cold
 30532 | Vaults:4 | Learned a level 5 spell: Aura of Abjuration
 30719 | Vaults:4 | Noticed Margery
 30741 | Vaults:4 | Killed Margery
 31021 | Vaults:3 | Found Kemiunes's General Store.
 31027 | Vaults:3 | Bought a scroll of enchant armour for 127 gold pieces
 31027 | Vaults:3 | Bought a scroll of fear for 59 gold pieces
 31027 | Vaults:3 | Bought a scroll of identify for 34 gold pieces
 31027 | Vaults:3 | Bought a potion of flight for 51 gold pieces
 31537 | Vaults:2 | Bought a scroll of teleportation for 63 gold pieces
 31537 | Vaults:2 | Bought a scroll of blinking for 157 gold pieces
 31537 | Vaults:2 | Bought a scroll of holy word for 157 gold pieces
 31537 | Vaults:2 | Bought a scroll of immolation for 73 gold pieces
 31537 | Vaults:2 | Bought a scroll of identify for 42 gold pieces
 31537 | Vaults:2 | Bought a scroll of teleportation for 63 gold pieces
 31537 | Vaults:2 | Bought a scroll of teleportation for 63 gold pieces
 31537 | Vaults:2 | Bought a scroll of magic mapping for 73 gold pieces
 31537 | Vaults:2 | Bought a scroll of identify for 42 gold pieces
 31829 | Vaults:1 | Reached skill level 14 in Fighting
 31989 | Orc:2    | Bought a +4 ring of slaying for 1014 gold pieces
 32179 | Depths:1 | Entered Level 1 of the Depths
 32270 | Depths:1 | Found Ugeinteh's Specialty Armours.
 32360 | Depths:2 | Noticed a caustic shrike
 32363 | Depths:2 | Reached XP level 24. HP: 129/129 MP: 45/45
 32365 | Depths:2 | Noticed a caustic shrike
 32365 | Depths:2 | Noticed a caustic shrike
 32370 | Depths:2 | Killed a caustic shrike
 32370 | Depths:2 | Reached skill level 6 in Evocations
 32380 | Depths:2 | Found a gateway to Hell.
 32601 | Depths:1 | Reached skill level 18 in Spellcasting
 32785 | Depths:2 | Killed a caustic shrike
 32785 | Depths:2 | Reached skill level 6 in Dodging
 32857 | Depths:2 | Reached skill level 23 in Unarmed Combat
 32997 | Depths:2 | Found Titt's Gadget Shop.
 32999 | Depths:2 | Found Wecoozo's Food Boutique.
 33001 | Depths:2 | Found Fakk's Gadget Shop.
 33037 | Depths:2 | Killed a caustic shrike
 33111 | Depths:2 | Noticed a caustic shrike
 33122 | Depths:2 | Killed a caustic shrike
 33174 | Depths:2 | Noticed a caustic shrike
 33221 | Depths:2 | Killed a caustic shrike
 33349 | Depths:2 | Identified the Guide on Malediction and Contamination
 33387 | Depths:2 | Identified the cursed -2 cloak "Ecacrot" {rPois Str+6} (You found it on level 2 of the Depths)
 33434 | Depths:2 | Identified Sif Muna's Disquisition on Weightlessness
 33682 | Depths:2 | Bought a wand of digging (13) for 442 gold pieces
 33686 | Depths:2 | Bought a wand of digging (10) for 560 gold pieces
 33712 | Depths:3 | Found the ring of the Octopus King
 33719 | Depths:3 | Identified a ring of the Octopus King {Wiz AC+1 EV+1 Str+1 Int+1 Dex+1} (You found it on level 3 of the Depths)
 33735 | Depths:3 | Reached skill level 15 in Fighting
 33750 | Depths:3 | Reached skill level 7 in Dodging
 33765 | Depths:3 | Noticed Bai Suzhen
 33780 | Depths:3 | Killed Bai Suzhen
 33993 | Depths:3 | Reached XP level 25. HP: 113/136 MP: 46/46
 34031 | Depths:3 | Found a one-way gate leading to the halls of Pandemonium.
 34195 | Depths:3 | Found a one-way gate to the infinite horrors of the Abyss.
 34245 | Depths:3 | Voluntarily entered the Abyss.
 34354 | Abyss:2  | Reached skill level 4 in Stealth
 34428 | Abyss:2  | Reached skill level 5 in Stealth
 34585 | Abyss:2  | Reached skill level 6 in Stealth
 34673 | Abyss:2  | Reached skill level 7 in Stealth
 34816 | Abyss:2  | Found a burning altar of Makhleb.
 34920 | Abyss:2  | Reached skill level 8 in Stealth
 35096 | Abyss:3  | Found a transporter.
 35118 | Abyss:3  | Reached skill level 9 in Stealth
 35131 | Abyss:3  | Found a transporter.
 35157 | Abyss:3  | Found a transporter.
 35160 | Abyss:3  | Reached skill level 10 in Stealth
 35168 | Abyss:3  | Got an abyssal rune of Zot
 35183 | Depths:3 | Escaped the Abyss
 35287 | Depths:4 | Found a gateway to a ziggurat.
 35314 | Depths:4 | Noticed Mennas
 35326 | Depths:4 | Killed Mennas
 35326 | Depths:4 | Reached skill level 11 in Stealth
 35330 | Depths:4 | Noticed Jory
 35334 | Depths:4 | Killed Jory
 35441 | Depths:4 | Reached skill level 19 in Spellcasting
 35585 | Depths:4 | Identified the cursed +1 swamp dragon scales of Rudghiym {rElec rPois Str+3 Dex-5} (You took it off a tengu warrior on level 4 of the Depths)
 35601 | Depths:4 | Noticed a juggernaut
 35614 | Depths:4 | Killed a juggernaut
 36085 | Depths:5 | Entered Level 5 of the Depths
 36210 | Depths:5 | Reached XP level 26. HP: 132/142 MP: 47/47
 36214 | Depths:5 | Reached skill level 7 in Evocations
 36238 | Depths:5 | HP: 8/142 [eldritch tentacle[the player character] (18)]
 36238 | Depths:5 | Mangled by an eldritch tentacle

Skill      XL: |  1  2  3  4  5  6  7  8  9 10 11 12 13 14 15 16 17 18 19 20 21 22 23 24 25 26 |
---------------+-------------------------------------------------------------------------------+-----
Unarmed Combat | 1 2 3 4 5 7 9 11 13 14 16 17 19 20 21 22 23 | 23.9
Fighting       | 2 3 5 7 9 10 11 12 14 15 | 15.9
Armour         | 1 2 5 |  5.0
Invocations    | 2 5 7 8 9 10 11 12 | 12.0
Dodging        | 2 3 5 7 |  7.2
Evocations     | 3 5 6 7 |  7.8
Shields        | 4 |  4.1
Transmutations | 3 4 |  4.4
Spellcasting   | 3 8 11 13 14 15 16 17 18 19 | 19.4
Ice Magic      | 1 |  1.0
Stealth        | 3 11 | 11.3
Conjurations   | 4 8 10 12 | 12.0
Summonings     | 4 8 10 12 | 12.0
Charms         | 4 |  4.0
Air Magic      | 4 |  4.0
Translocations | 6 |  6.0
Crossbows      | |  3.6

Action                   |  1- 3 |  4- 6 |  7- 9 | 10-12 | 13-15 | 16-18 | 19-21 | 22-24 | 25-27 || total
-------------------------+-------+-------+-------+-------+-------+-------+-------+-------+-------++-------
Melee: Short sword       |    25 |       |       |       |       |       |       |       |       ||    25
       Bite              |     8 |    51 |   107 |   208 |   483 |   418 |   570 |   591 |   213 ||  2649
       Punch             |     2 |     3 |    14 |    23 |       |       |       |       |       ||    42
       Unarmed           |     5 |   167 |   240 |   379 |   901 |   821 |  1007 |  1039 |   370 ||  4929
 Fire: Hand crossbow     |     9 |     7 |     4 |    35 |       |       |       |       |       ||    55
 Cast: Confusing Touch   |       |       |       |       |     2 |     1 |       |       |       ||     3
       Regeneration      |       |       |       |       |     1 |    78 |    95 |    94 |    37 ||   305
       Spellforged Servi |       |       |       |       |       |    10 |    37 |    58 |    25 ||   130
       Iron Shot         |       |       |       |       |       |     7 |    11 |    11 |       ||    29
       Deflect Missiles  |       |       |       |       |       |     2 |     5 |     2 |       ||     9
       Ice Form          |       |       |       |       |       |     1 |     1 |       |       ||     2
       Apportation       |       |       |       |       |       |       |    36 |   103 |    31 ||   170
       Malign Gateway    |       |       |       |       |       |       |     1 |     2 |     2 ||     5
       Summon Lightning  |       |       |       |       |       |       |       |       |     2 ||     2
       Aura of Abjuratio |       |       |       |       |       |       |       |       |     1 ||     1
Invok: Slouch            |       |       |       |       |     6 |     9 |       |       |       ||    15
       Step From Time    |       |       |       |       |       |     1 |       |     2 |       ||     3
 Abil: Evoke Invisibilit |       |     1 |     1 |     3 |     3 |     1 |       |       |       ||     9
       Evoke Fog         |       |       |       |       |       |     2 |     6 |     2 |     2 ||    12
       End Transformatio |       |       |       |       |       |     1 |     1 |       |       ||     2
       Evoke Blink       |       |       |       |       |       |       |     3 |     2 |       ||     5
Evoke: Wand              |       |       |       |    16 |    19 |    10 |    16 |     6 |     2 ||    69
  Use: Scroll            |       |     8 |    16 |    10 |    16 |     5 |    12 |    10 |     3 ||    80
       Potion            |       |     1 |       |       |       |     3 |       |     4 |     4 ||    12
 Stab: Sleeping          |       |     1 |     1 |     1 |     9 |    24 |    17 |    18 |     6 ||    77
       Invisible         |       |     1 |     2 |     8 |     4 |     4 |       |       |    14 ||    33
       Paralysed         |       |       |     1 |       |       |     2 |       |     1 |       ||     4
       Distracted        |       |       |       |     1 |     3 |     6 |     3 |    20 |     2 ||    35
       Confused          |       |       |       |       |       |     1 |       |       |       ||     1
  Eat: Chunk             |       |     3 |     6 |     9 |    16 |    19 |    23 |     6 |     1 ||    83
       Ration            |       |       |       |       |       |     1 |     2 |     5 |     1 ||     9
Armor: Leather armour    |     5 |    12 |       |       |       |       |       |       |       ||    17
       Scale mail        |       |    21 |       |       |       |       |       |       |       ||    21
       Chain mail        |       |    61 |       |       |       |       |       |       |       ||    61
       Ring mail         |       |     3 |    65 |    90 |   110 |    13 |       |       |       ||   281
       Plate armour      |       |       |       |       |   104 |       |       |       |       ||   104
       Robe              |       |       |       |       |       |   114 |   200 |   212 |    57 ||   583
Dodge: Dodged            |    25 |    90 |   112 |   145 |   274 |   291 |   467 |   414 |   145 ||  1963
       Deflected         |       |       |       |       |       |     1 |    39 |    27 |    13 ||    80
Block: Buckler           |       |       |       |    92 |   287 |   299 |   608 |   521 |   174 ||  1981
       Reflection        |       |       |       |     3 |    12 |    29 |    72 |    30 |    20 ||   166

Table legend:
 A = Turns spent in this place as a percentage of turns spent in the entire game.
 B = Non-inter-level travel turns spent in this place as a percentage of non-inter-level travel turns spent in the entire game.
 C = Inter-level travel turns spent in this place as a percentage of turns spent in this place.
 D = Turns resting spent in this place as a percentage of non-inter-level travel turns spent in this place.
 E = Turns spent auto-exploring this place as a percentage of non-inter-level travel turns spent in this place.
 F = Non-inter-level travel turns spent in this place divided by the number of levels of this place that you've seen.
                   A       B       C       D       E      F
               +-------+-------+-------+-------+-------+----------------------
         Total | 100.0 | 100.0 |  13.0 |   0.9 |   0.2 | 606.1
       Dungeon |  32.2 |  28.7 |  22.4 |   0.5 |   0.1 | 603.1
          Lair |  10.6 |  11.2 |   8.7 |   0.2 |   0.0 | 586.0
        Shoals |   4.7 |   5.3 |   1.9 |   1.7 |   0.0 | 417.0
     Snake Pit |   4.2 |   4.7 |   1.3 |   3.7 |   0.0 | 371.5
  Orcish Mines |   4.7 |   4.2 |  23.3 |   1.8 |   3.3 | 655.5
   Elven Halls |   8.6 |   8.2 |  16.5 |   2.8 |   0.9 | 865.3
        Vaults |  12.7 |  13.2 |   9.0 |   0.8 |   0.0 | 1043.8
         Crypt |   6.5 |   6.9 |   7.8 |   0.0 |   0.0 | 726.0
          Tomb |   2.3 |   2.2 |  13.9 |   0.0 |   0.0 | 707.0
        Depths |   8.6 |   9.6 |   3.3 |   0.7 |   0.0 | 603.8
         Abyss |   2.6 |   3.0 |   0.0 |   0.0 |   0.0 | 312.7
       Ossuary |   0.9 |   1.1 |   0.0 |   0.0 |   0.0 | 333.0
      Ice Cave |   1.5 |   1.7 |   0.0 |   2.2 |   0.0 | 541.0
               +-------+-------+-------+-------+-------+----------------------

Table legend:
 A = Kills in this place as a percentage of kills in entire the game.
 B = Kills by you in this place as a percentage of kills by you in the entire game.
 C = Kills by friends in this place as a percentage of kills by friends in the entire game.
 D = Other kills in this place as a percentage of other kills in the entire game.
 E = Experience gained in this place as a percentage of experience gained in the entire game.
 F = Experience gained in this place divided by the number of levels of this place that you have seen.
                   A       B       C       D       E      F
               +-------+-------+-------+-------+-------+----------------------
         Total | 100.0 | 100.0 | 100.0 | 100.0 | 100.0 | 21524.5
       Dungeon |  19.6 |  22.2 |   0.0 |   0.0 |   6.0 | 4451.5
          Lair |   9.5 |  10.8 |   0.0 |   0.0 |   4.9 | 9065.3
        Shoals |   5.7 |   4.8 |  11.6 |  28.6 |   5.9 | 16466.5
     Snake Pit |   5.1 |   5.4 |   3.5 |   0.0 |   6.3 | 17665.2
  Orcish Mines |   5.4 |   6.1 |   0.4 |   0.0 |   1.8 | 10115.5
   Elven Halls |   8.8 |   7.8 |  16.7 |  14.3 |  12.2 | 45467.3
        Vaults |  16.6 |  16.3 |  19.4 |  14.3 |  21.7 | 60755.8
         Crypt |   9.0 |   8.6 |  12.4 |   0.0 |  10.2 | 38028.3
          Tomb |   2.5 |   2.1 |   5.8 |   0.0 |   3.8 | 42599.0
        Depths |  11.3 |   9.5 |  23.6 |  42.9 |  23.2 | 51886.4
         Abyss |   3.3 |   2.9 |   6.6 |   0.0 |   3.5 | 13075.7
       Ossuary |   0.7 |   0.7 |   0.0 |   0.0 |   0.0 | 301.0
      Ice Cave |   2.4 |   2.7 |   0.0 |   0.0 |   0.6 | 6282.0
               +-------+-------+-------+-------+-------+----------------------

Vault maps used:
D:1:      minmay_arrival_loop, minmay_misc_feat_alley,
          hangedman_decor_peaks_small
D:2:      overflow_temple_1_default, kennysheep_generic_room_3
D:3:      lemuel_coloured_pillars_altar, kennysheep_vampire_church,
          first_ration, uniq_crazy_yiuf_cottage
D:4:      chei_slow_surprise
D:5:      nicolae_ossuary_entry_monument, basic_altar, serial_undead,
          serial_undead_d, serial_undead_b, serial_undead_e, serial_undead_d,
          nicolae_ru_great_annihilating_truth, uniq_prince_ribbit1
D:6:      kennysheep_generic_room_2, uniq_sigmund
D:7:      dancing_weapons_uskayaw, grunt_temple_overflow_open,
          lemuel_temple_firewalk_b
D:8:      regret_index_temple_of_mockery, kennysheep_little_box,
          lightli_temple_of_fire, serial_shops, shop
D:9:      overflow_temple_1_default, serial_shops, nicolae_shop_behind_doors,
          nicolae_shop_stone, hangedman_ranch, uniq_maurice
D:10:     minmay_lair_entry_grove
D:11:     erik_orc_2, nooodl_food_tri, uniq_grum
D:12:     serial_shops, kennysheep_mini, minmay_fire_ice_demons
D:13:     serial_shops, shop, serial_corexii_hall, corexii_hall_statues_i,
          corexii_hall_statues_i
D:14:     david_vaults_5, fedhas_altar_2, kennysheep_dice
D:15:     gammafunk_enter_depths_forms, hangedman_decor_points,
          grunt_ministairs_4
Lair:1:   beast_lair_carwin_6, grunt_megastairs_3
Lair:2:   minmay_shoals_entry_lonely_mermaid, beast_lair_carwin_3
Lair:3:   minmay_snake_entry_guardpost_small, serial_bayou_pond_d,
          grunt_megastairs_5, serial_bayou_shore_a
Lair:4:   beast_lair_carwin_large_1, disabler_island, uniq_nessos
Lair:5:   st_stairs_6, minivault_25
Lair:6:   minmay_lair_end_enchanted_forest, nicolae_slime_entry_slimehenge
Shoals:1: nicolae_shoals_water_elemental_grotto
Shoals:2: hangedman_shoals_cup_caves, uniq_louise
Shoals:4: shoals_end_grunt_garden, shoals_ilsuiw_alternative,
          nicolae_shoals_arrival_archipelago
Snake:1:  grunt_megastairs_2, minmay_shop_grove
Snake:2:  statue_in_the_mist_lemuel, guppyfry_snake_island, minmay_shoptagon
Snake:3:  serial_shops, shop, serial_bayou_shore_b
Snake:4:  grunt_snake_rune_serpentine_throne, nicolae_alphabet_shops,
          library_closet, uniq_saint_roka, uniq_aizul
Orc:1:    basic_altar
Orc:2:    grunt_orc_gardens, grunt_orc_garden, grunt_orc_garden,
          grunt_orc_garden, grunt_orc_garden, portal_ice_cave_entry_pillars_1,
          nooodl_orcs_dogs, uniq_sonja
Elf:1:    eino_elf_arrival_shootout, evilmike_minifort,
          minmay_misc_feat_pillars, minivault_24, spider_trap, st_stairs_2
Elf:2:    special_room
Elf:3:    minmay_elf_hall_hex, serial_shops, shop_scrolls
Vaults:1: nicolae_vaults_network_quinsquares, ontoclasm_vaults_chip,
          vaults_standard_mumra_enter_the_diamond, nicolae_vaults_network_star,
          hangedman_vaults_corner, dpeg_vaults_monster_box, vaults_dpeg_hooks,
          vaults_mumra_chevron, ontoclasm_vaults_claustrophobia,
          vaults_dpeg_diagonal
Vaults:2: v_alt_pattern_3, v_misc_26, vaults_room_hangedman_quadrants,
          grunt_vaults_trifunnel, v_alt_pattern_2, ontoclasm_vaults_shuriken,
          vaults_mumra_minichess, nicolae_vaults_asterisk,
          nicolae_vaults_windows_and_doors_thing, serial_shops, shop,
          uniq_xtahua, uniq_donald
Vaults:3: minmay_crypt_entry_simple_round, vaults_room_fancy_cross,
          ontoclasm_vaults_chip, nicolae_vaults_hallways_thing,
          hangedman_vaults_hard_town_square, nicolae_vaults_network_s,
          nicolae_vaults_little_squares_4, nicolae_vaults_what_the_h,
          nicolae_vaults_triangles, nicolae_vaults_ring_of_whatevers,
          vaults_mumra_hex, v_rooms_4, vaults_room_door_ring, serial_shops,
          shop, uniq_mara
Vaults:4: v_alt_pattern_3, nicolae_vaults_rhombus_5,
          nicolae_vaults_branching_niches, nicolae_vaults_little_squares_4,
          vaults_dpeg_spiral, nicolae_vaults_ninety_degrees, v_rooms_5,
          grunt_vaults_bifocal, vaults_room_corners,
          nicolae_vaults_border_crossing, hangedman_vaults_cutoff,
          ontoclasm_vaults_decontamination, uniq_margery
Crypt:1:  corner_web_ring, st_stairs_10, grunt_crypt_arrival_split,
          grunt_megastairs_1
Crypt:2:  lemuel_mausoleum_altar_yredelemnul
Crypt:3:  grunt_crypt_end_deaths_head
Depths:1: hell_entry, nicolae_barding_shop, serial_bayou_shore_b
Depths:2: minmay_tearing_corner, hell_entry, hangedman_abyss_or_decor_stabs,
          infiniplex_staircase_zigzag_1, minmay_shop_star
Depths:3: hangedman_cross_stitches, pan_entry, abyss_entry, hellmouth_1,
          grunt_ministairs_12, kilobyte_mutagenic_chamber,
          infiniplex_staircase_split_hallway, uniq_bai_suzhen
Depths:4: evilmike_diamond_2, enter_ziggurat_c, abyss_entry,
          infiniplex_staircase_squiggle, hell_entry, minmay_misc_feat_rows,
          st_stairs_10, grunt_ministairs_9, uniq_jory, uniq_mennas
Depths:5: grunt_crosshair, grunt_metal_band, serial_bayou, serial_bayou_ford_a,
          serial_bayou_pond_e, serial_bayou_pond_b, serial_bayou_pond_c
Abyss:3:  gammafunk_abyss_rune_reverse_zot
Ossuary:  ossuary_kennysheep_city_of_the_dead
IceCv:    ice_cave_small_necro
